 Dungeon Crawl Stone Soup version 0.31-a0-963-ga325b2283a (webtiles) character file.

Game seed: 15937466028555631358

313510 BinkBink the Phalangite (level 21, -6/140 HPs)
             Began as a Gargoyle Berserker on Oct 25, 2023.
             Was the Champion of Trog.
             Killed from afar by a deep elf sorcerer (46 damage)
             ... with damnation
             ... on level 3 of the Elven Halls.
             The game lasted 01:38:09 (51417 turns).

BinkBink the Phalangite (Gargoyle Berserker)       Turns: 51417, Time: 01:38:09

Health: -6/140     AC: 53    Str: 27    XL:     21   Next: 33%
Magic:  0/21       EV: 19    Int:  7    God:    Trog [******]
Gold:   2208       SH: 23    Dex: 18    Spells: 20/20 levels left

rFire   . . .        j - +9 demon trident (vamp)
rCold   . . .        X - +4 tower shield {reflect}
rNeg    + . .        T - +4 plate armour "Kuloqite" {Dex+3}
rPois   ∞            D - +2 helmet
rElec   +            U - +2 cloak {rCorr}
rCorr   +            m - +2 pair of gloves {infuse}
SInv    +            g - +2 pair of boots
Will    ++...        V - amulet of the acrobat Stlth
                     q - +5 ring of evasion
HPRegen 0.43/turn    e - ring "Vinett" {Will+ SInv}
MPRegen 0.17/turn

%: reflection, acrobat
@: flying, studying 2 skills
A: sickness immunity, AC +16, big wings, negative energy resistance 1,
electricity resistance, torment resistance 1, petrification resistance
}: 2/15 runes: decaying, gossamer
a: Renounce Religion, Berserk, Trog's Hand, Brothers in Arms


You were on level 3 of the Elven Halls.
You worshipped Trog.
Trog was exalted by your worship.
You visited 7 branches of the dungeon, and saw 34 of its levels.
You also visited: Sewer, Bailey, Gauntlet and Ice Cave.

You collected 4167 gold pieces.
You spent 1959 gold pieces at shops.

Inventory:

Hand Weapons
 j - a +9 vampiric demon trident (weapon)
Armour
 g - a +2 pair of boots (worn)
 m - a +2 pair of gloves of infusion (worn)
 D - a +2 helmet (worn)
 E - the +1 robe of Vines {NoPotionHeal Regen++++}
   (You found it on level 1 of the Elven Halls)

   NoPotionHeal: Its wearer cannot be healed by potions.
   Regen++++: It increases your rate of health regeneration.
 T - the +4 plate armour "Kuloqite" (worn) {Dex+3}
   (You bought it in a shop on level 2 of the Orcish Mines)

   Dex+3:     It affects your dexterity (+3).
 U - a +2 cloak of preservation (worn)
 X - a +4 tower shield of reflection (worn)
Jewellery
 e - the ring "Vinett" (right hand) {Will+ SInv}
   (You found it on level 2 of the Spider Nest)

   [ring of see invisible]

   Will+:     It increases your willpower.
   SInv:      It lets you see invisible.
 k - a +5 ring of evasion
 q - a +5 ring of evasion (left hand)
 y - the ring "Yhimm" {+Blink rElec rPois MP+9 Dex+3}
   (You found it in a Gauntlet)

   [ring of magical power]

   Dex+3:     It affects your dexterity (+3).
   rElec:     It insulates you from electricity.
   rPois:     It protects you from poison MP+9: It affects your magic capacity
   (+9).
   +Blink:    It lets you blink.
 z - a +5 ring of evasion
 L - a +4 ring of protection
 V - an amulet of the acrobat (around neck)
Talismans
 h - the serpent talisman of Untold Secrets {Int-2 Dex+5}
   (You took it off Aizul on level 1 of the Swamp)

   [serpent talisman]

   Int-2:     It affects your intelligence (-2).
   Dex+5:     It affects your dexterity (+5).
 s - a storm talisman
Wands
 a - a wand of charming (19)
 C - a wand of roots (29)
 F - a wand of digging (27)
 G - a wand of light (57)
 I - a wand of polymorph (9)
 K - a wand of flame (56)
 W - a wand of mindburst (30)
Scrolls
 c - 9 scrolls of teleportation
 f - 5 scrolls of enchant weapon
 i - 9 scrolls of identify
 l - 2 scrolls of blinking
 r - 10 scrolls of poison
 v - 3 scrolls of fog
 A - 4 scrolls of fear
 Z - 3 scrolls of revelation
Potions
 b - 13 potions of curing
 d - 2 potions of berserk rage
 n - 3 potions of might
 o - 9 potions of ambrosia
 p - 10 potions of mutation
 t - 4 potions of cancellation
 u - 3 potions of heal wounds
 w - 4 potions of haste
 x - 5 potions of invisibility
 B - 3 potions of resistance
 H - a potion of lignification
 J - 6 potions of enlightenment
 M - 4 potions of attraction


   Skills:
 + Level 17.8 Fighting
 - Level 3.3 Maces & Flails
 * Level 21.7 Polearms
 + Level 17.6 Armour
 + Level 13.9 Dodging
 + Level 13.3 Shields


You had 20 spell levels left.
You didn't know any spells.
Your spell library was empty.

Dungeon Overview and Level Annotations

Branches:
Dungeon (15/15)            Temple (1/1) D:6            Lair (5/5) D:11
  Swamp (4/4) Lair:3       Spider (4/4) Lair:3        Slime (0/5) Lair:4
    Orc (2/2) D:12            Elf (3/3) Orc:2        Vaults (0/5) D:14
 Depths (0/4) D:15          Sewer (visited)          Bailey (visited)
  IceCv (visited)         Gauntlet (visited)

Altars:
Ashenzari
Cheibriados
Dithmenos
Elyvilon
Fedhas
Gozag
Hepliaklqana
Kikubaaqudgha
Makhleb
Nemelex Xobeh
Okawaru
Qazlal
Ru
Sif Muna
Trog
Uskayaw
Vehumet
Wu Jian
Xom
Yredelemnul
Zin
The Shining One
Jiyva

Shops:
D:3 !   D:10 !   D:14 (   Orc:2 [**[   Elf:1 :=:(   Elf:3 *


Innate Abilities, Weirdness & Mutations

You are immune to sickness and miasma.
Your stone body is resilient. (AC +16)
You are immune to poison.
Your large and strong wings let you fly.
You resist negative energy. (rN+)
You are resistant to electric shocks. (rElec)
You are resistant to unholy torment.
You are immune to petrification.


Message History

The deep elf annihilator gestures wildly while chanting.
The deep elf annihilator blinks!
The deep elf demonologist mumbles some strange words.
The deep elf sorcerer gestures at you while chanting.
The bolt of acid hits you! You resist.
The deep elf zephyrmancer gestures wildly while chanting.
The deep elf zephyrmancer blinks!
You barely miss the deep elf demonologist.
The deep elf demonologist is heavily wounded.
The deep elf demonologist seems less brilliant. x2
The deep elf annihilator gestures wildly while chanting.
The deep elf annihilator blinks!
The deep elf archer mumbles some strange words.
The deep elf archer blinks!
The deep elf demonologist casts a spell.
You block the deep elf sorcerer's attack.
You impale the deep elf demonologist!!
You kill the deep elf demonologist!
Trog accepts your kill.
Trog appreciates your killing of a magic user.
The sixfirhy disappears in a puff of smoke!
The shadow demon disappears in a puff of smoke!
The deep elf zephyrmancer dissolves into shadows! x3
The air elemental dissolves into shadows!
The sun demon disappears in a puff of smoke!
The Tzitzimitl calls on the powers of darkness!
The deep elf high priest convulses!
The deep elf demonologist convulses!
The deep elf master archer convulses!
The deep elf demonologist convulses!
The deep elf elementalist convulses!
The deep elf annihilator convulses!
The deep elf blademaster convulses!
The deep elf annihilator convulses!
Your body is wracked with pain!
* * * LOW HITPOINT WARNING * * *
The deep elf annihilator casts a spell.
The deep elf annihilator blinks!
Blink to where?
Press: ? - help, Dir - move target
As you read the scroll of blinking, it crumbles to dust.
The deep elf sorcerer points at you and mumbles some strange words.
The sphere of damnation explodes!
The damnation engulfs you!!!
You die...

##)## ##)§e## #.)...#
#.....#
#######.######### #
#...............# .#
######.###.#....##.##
#.# #.#......... #@#
#.......# #.#
###.....#.# #.#
#.......#
#.#####..######
#........# ########.#
#########...####.#
#.....#.......##.#
#.....#.......##.#######


You could see a deep elf sorcerer (empowered).

Vanquished Creatures
  the Lernaean hydra (Swamp:4)
  Arachne (Spider:4)
  Jorgrun (Elf:1)
  Zenata (Elf:3)
  2 deep elf blademasters
  A thorn hunter (Swamp:4)
  Frances (Spider:1)
  Donald (Elf:3)
  Aizul (Swamp:1)
  A frost giant (IceCv)
  A fenstrider witch (Swamp:2)
  4 deep elf sorcerers
  A deep elf elementalist (Elf:3)
  7 ghost moths
  The ghost of Igoypiom the Carver, an adept TeBr of Uskayaw (Spider:1)
  6 emperor scorpions
  3 orc warlords (D:12)
  2 broodmothers
  5 eleionomae
  9 bunyips
  2 green draconians (Swamp:3)
  3 deep elf annihilators (Elf:3)
  A deep elf demonologist (Elf:3)
  5 spark wasps
  A minotaur (Gauntlet)
  An ettin (shapeshifter) (D:14)
  3 ettins
  A deep elf death mage (Elf:2)
  Snorg (Lair:3)
  A deep elf high priest (Elf:3)
  6 entropy weavers
  Josephine (Orc:1)
  29 hydras
  The ghost of kuniqs the Slicer, a journeyman TeRe of Trog (D:13)
  2 vault guards (Bailey)
  3 centaur warriors
  A ghost crab (Swamp:4)
  A death knight (D:15)
  7 boulder beetles
  8 alligators
  4 catoblepae
  A jorogumo (Spider:3)
  A tengu warrior (D:15)
  5 radroaches
  29 dancing weapons
  25 death yaks
  5 two-headed ogres (D:13)
  An occultist (Elf:1)
  12 demonic crawlers
  2 orc high priests
  16 deep elf knights
  A skyshark (Lair:5)
  8 pharaoh ants
  A goliath frog (Swamp:2)
  A sixfirhy (Gauntlet)
  6 skeletal warriors
  A death drake (Gauntlet)
  A sun moth (Spider:3)
  15 orb spiders
  14 bog bodies
  5 spriggan druids
  2 arcanists
  13 swamp dragons
  6 steelbarb worms
  A lindwurm (Lair:2)
  14 deep elf archers
  5 orc knights
  5 ugly things (D:14)
  A steelbarb worm (shapeshifter) (D:15)
  Pikel (D:9)
  15 deep elf zephyrmancers
  A phantasmal warrior (D:14)
  A necromancer (Lair:5)
  A spectral wolf spider (Gauntlet)
  5 orc sorcerers
  A wolf spider (shapeshifter) (D:8)
  4 oklob plants (Lair:4)
  26 deep elf pyromancers
  A salamander (shapeshifter) (Elf:2)
  26 wolf spiders
  A shining eye (shapeshifter) (Elf:3)
  4 will-o-the-wisps
  2 spectral centaurs (Gauntlet)
  7 cyclopes
  2 moths of wrath
  5 manticores
  A salamander (D:15)
  Maurice (Orc:1)
  4 elephants (Lair:4)
  3 black mambas
  An elephant (shapeshifter) (Elf:1)
  A gargoyle (D:13)
  10 cane toads
  2 unseen horrors
  7 torpor snails
  6 rime drakes
  7 komodo dragons
  2 freezing wraiths (D:15)
  A yaktaur (D:15)
  10 meliai
  20 tarantellas
  A meliai (shapeshifter) (Elf:1)
  2 hornets (Swamp:2)
  9 tyrant leeches
  Prince Ribbit (Bailey)
  2 bloated husks
  7 trolls
  8 polar bears
  2 dream sheep (Lair:3)
  10 blink frogs
  16 slime creatures
  2 shadows (D:11)
  22 jumping spiders
  6 spriggans
  A centaur simulacrum (D:15)
  27 culicivoras
  3 air elementals (Elf:2)
  8 humans (Bailey)
  7 wraiths
  4 wyverns
  A fire elemental (Elf:3)
  84 yaks
  5 basilisks
  2 fire bats (Lair:3)
  A water elemental (Elf:1)
  A golden eye (shapeshifter) (D:14)
  50 redbacks
  3 vampire mosquitoes
  2 steam dragons
  11 swamp worms
  3 wargs
  2 acid dragons
  15 water moccasins
  13 swamp drakes
  55 orc warriors
  A sky beast (D:7)
  2 black bears
  23 wolves
  A boggart (Elf:1)
  A phantom (D:4)
  20 centaurs
  10 ogres
  2 lemures (D:9)
  3 kobold brigands
  21 bullfrogs
  8 scorpions
  2 earth elementals
  4 wights (D:7)
  10 killer bees (D:9)
  2 howler monkeys
  3 electric eels
  2 crimson imps
  2 gnoll boudas
  19 orc priests
  2 hounds
  A jelly (D:4)
  10 iguanas
  An iron imp (D:9)
  Natasha (thrice) (D:4)
  36 orc wizards
  3 yak simulacra (Lair:5)
  A polar bear simulacrum (Lair:5)
  4 wolf simulacra (Lair:5)
  7 adders
  12 gnolls
  A shadow imp (D:9)
  5 white imps
  6 ufetubi
  3 dart slugs
  90 orcs
  5 bats
  9 endoplasms
  5 giant cockroaches
  11 hobgoblins
  6 quokkas
  11 ball pythons
  5 frilled lizards
  7 goblins
  A goblin skeleton (D:5)
  3 hobgoblin zombies (D:5)
  37 kobolds
  2 orc skeletons (D:5)
  An orc zombie (D:5)
  9 rats
  3 river rat simulacra (Lair:5)
1330 creatures vanquished.

Vanquished Creatures (others)
  An eleionoma (Swamp:1)
  2 deep elf knights (Elf:2)
  2 sun moths
  A deep elf pyromancer (Elf:1)
  A deep elf zephyrmancer (Elf:1)
  3 bloated husks
  A tyrant leech (Swamp:1)
  A swamp drake (Swamp:1)
  An orc wizard (D:9)
  4 orcs
  16 foxfires
33 creatures vanquished.

Grand Total: 1363 creatures vanquished

Notes
Turn   | Place    | Note
-------+----------+-------------------------------------------
     0 | D:1      | BinkBink the Gargoyle Berserker began the quest for the
                  | Orb.
     0 | D:1      | Reached XP level 1. HP: 14/14 MP: 1/1
   189 | D:1      | Found a faded altar of an unknown god.
   238 | D:1      | Reached XP level 2. HP: 7/19 MP: 2/2
   979 | D:2      | Found the +5 Force Lance {heavy, knockback}
   993 | D:2      | Reached XP level 3. HP: 23/23 MP: 3/3
  1035 | D:2      | Reached ** piety under Trog
  1562 | D:3      | Reached XP level 4. HP: 25/29 MP: 4/4
  1589 | D:3      | Reached skill level 1 in Polearms
  1701 | D:3      | Found an iron altar of Okawaru.
  2132 | D:3      | Found Tuyger's Distillery.
  2274 | D:4      | Found a glowing drain.
  2291 | D:4      | Reached XP level 5. HP: 33/33 MP: 5/5
  2300 | Sewer    | Entered a sewer
  2421 | Sewer    | Reached *** piety under Trog
  2513 | Sewer    | Noticed a kobold brigand
  2519 | Sewer    | Killed a kobold brigand
  2520 | Sewer    | Reached skill level 2 in Polearms
  2570 | D:4      | Reached XP level 6. HP: 37/39 MP: 6/6
  2778 | D:4      | Reached skill level 3 in Polearms
  2888 | D:4      | Reached XP level 7. HP: 44/44 MP: 7/7
  3021 | D:4      | You fall into a shaft and drop 3 floors!
  3115 | D:7      | Found a broken altar of Ashenzari.
  3139 | D:7      | Reached skill level 5 in Fighting
  3148 | D:7      | Reached **** piety under Trog
  3224 | D:7      | Reached skill level 4 in Polearms
  3288 | D:7      | Reached XP level 8. HP: 33/50 MP: 8/8
  3557 | D:7      | Reached skill level 5 in Armour
  3577 | D:7      | Reached skill level 5 in Polearms
  3635 | D:7      | Found a shimmering altar of Xom.
  3843 | D:8      | Noticed a yak
  3843 | D:8      | Noticed a yak
  3843 | D:8      | Noticed a yak
  3843 | D:8      | Noticed a yak
  3843 | D:8      | Noticed a yak
  3843 | D:8      | Noticed a yak
  3872 | D:6      | Identified the +1 scale mail "Urphielui" {Dex+3 SInv}
  4180 | D:6      | Found a staircase to the Ecumenical Temple.
  4575 | D:5      | Entered Level 5 of the Dungeon
  4578 | D:5      | Reached skill level 6 in Polearms
  4578 | D:5      | Reached XP level 9. HP: 56/56 MP: 9/9
  4704 | D:5      | Identified the +0 robe of Oqaenoekko {rCorr}
  4978 | D:5      | Found a glowing golden altar of the Shining One.
  5051 | D:5      | Found an ornate altar of the Wu Jian Council.
  5366 | D:4      | Noticed Natasha
  5368 | D:4      | Killed Natasha
  5585 | D:4      | Noticed Natasha
  5593 | D:4      | Killed Natasha
  5626 | D:4      | Noticed Natasha
  5630 | D:4      | Killed Natasha
  5901 | D:8      | Reached skill level 7 in Polearms
  5911 | D:8      | Found a transporter.
  5913 | D:8      | Found a transporter.
  5913 | D:8      | Noticed a salamander
  5918 | D:8      | Noticed an unseen horror
  5919 | D:8      | Noticed a boulder beetle
  5921 | D:8      | Found a white marble altar of Elyvilon.
  5940 | D:8      | a salamander changed into a shapeshifter
  5941 | D:8      | a shapeshifter changed into an entropy weaver
  5941 | D:8      | Noticed an entropy weaver (shapeshifter)
  5946 | D:8      | an entropy weaver changed into a shapeshifter
  5988 | D:8      | Reached ***** piety under Trog
  6007 | D:8      | Reached skill level 5 in Dodging
  6233 | D:8      | Found an opulent altar of Gozag.
  6281 | D:8      | Reached XP level 10. HP: 45/63 MP: 10/10
  6508 | D:8      | Noticed a sea snake
  6656 | D:8      | Found a stormy altar of Qazlal.
  6894 | D:8      | Noticed a shining eye
  6963 | D:9      | Reached skill level 8 in Polearms
  7454 | D:9      | Noticed a deep elf zephyrmancer
  7455 | D:9      | Noticed a deep elf zephyrmancer
  7507 | D:9      | Killed a deep elf zephyrmancer
  7517 | D:9      | Killed a deep elf zephyrmancer
  7610 | D:9      | Noticed Pikel
  7621 | D:9      | Killed Pikel
  7622 | D:9      | Reached skill level 9 in Polearms
  7928 | D:10     | Entered Level 10 of the Dungeon
  7945 | D:10     | Reached XP level 11. HP: 43/69 MP: 11/11
  8024 | D:10     | Found Irhaig's Distillery.
  8033 | D:10     | Bought a potion of degeneration for 13 gold pieces
  8033 | D:10     | Found a flagged portal.
  8084 | Bailey   | Entered a bailey
  8328 | Bailey   | Noticed Prince Ribbit
  8335 | Bailey   | Noticed a vault guard
  8341 | Bailey   | Reached skill level 10 in Polearms
  8349 | Bailey   | Killed Prince Ribbit
  8362 | Bailey   | Killed a vault guard
  8468 | Bailey   | Noticed a vault guard
  8486 | Bailey   | Killed a vault guard
  8942 | D:10     | Noticed a cyclops
  8946 | D:10     | Killed a cyclops
  9169 | D:10     | Found a radiant altar of Vehumet.
  9537 | D:11     | Noticed a death yak
  9537 | D:11     | Noticed a death yak
  9541 | D:11     | Noticed a death yak
  9545 | D:11     | Noticed a death yak
  9546 | D:11     | Noticed a death yak
  9549 | D:11     | Noticed a death yak
  9551 | D:11     | Killed a death yak
  9567 | D:11     | Killed a death yak
  9576 | D:11     | Killed a death yak
  9581 | D:11     | Killed a death yak
  9582 | D:11     | Reached skill level 10 in Fighting
  9582 | D:11     | Reached XP level 12. HP: 45/77 MP: 12/12
  9584 | D:11     | Killed a death yak
  9585 | D:11     | Reached skill level 11 in Polearms
  9590 | D:11     | Killed a death yak
  9699 | D:11     | Identified the +1 ring mail of Fedhas's Envy {Fly rElec}
  9743 | D:11     | Identified the +6 dagger "Javimeh" {flame, *Rage Dex+6}
  9759 | D:11     | Noticed a four-headed hydra
 10140 | D:11     | Killed a four-headed hydra
 10260 | D:11     | Found a staircase to the Lair.
 10469 | D:11     | Reached skill level 10 in Armour
 11021 | D:12     | Noticed a boulder beetle
 11040 | D:12     | Killed a boulder beetle
 11260 | D:12     | Noticed a boulder beetle
 11307 | D:12     | Killed a boulder beetle
 11463 | D:12     | Found a staircase to the Orcish Mines.
 11608 | D:12     | Identified a scroll of acquirement
 11612 | D:12     | Acquired a manual of Polearms
 11646 | D:13     | Noticed a boulder beetle
 11650 | D:13     | Reached skill level 12 in Polearms
 11666 | D:13     | Killed a boulder beetle
 11667 | D:13     | Found a frozen archway.
 11677 | IceCv    | Entered an ice cave
 11727 | IceCv    | Noticed a death yak
 11729 | IceCv    | Received a gift from Trog
 11729 | IceCv    | Noticed a death yak
 11742 | IceCv    | Killed a death yak
 11752 | IceCv    | Killed a death yak
 11753 | IceCv    | Reached XP level 13. HP: 53/84 MP: 13/13
 11905 | IceCv    | Reached skill level 13 in Polearms
 12089 | IceCv    | Noticed a frost giant
 12108 | IceCv    | Killed a frost giant
 12463 | IceCv    | Reached skill level 14 in Polearms
 13084 | D:13     | Found a transporter.
 13085 | D:13     | Noticed kuniqs's ghost (journeyman TeRe)
 13086 | D:13     | Noticed an ettin
 13087 | D:13     | Found a transporter.
 13328 | Gauntlet | Identified the "Liha"
 13328 | Orc:1    | Entered Level 1 of the Orcish Mines
 13413 | Orc:1    | Noticed Maurice
 13421 | Orc:1    | Killed Maurice
 13426 | Orc:1    | Noticed an ettin
 13433 | Orc:1    | Killed an ettin
 13588 | Orc:1    | Noticed an orc warlord
 13813 | D:12     | Killed an orc warlord
 13928 | Orc:1    | Reached ****** piety under Trog
 13937 | Orc:1    | Received a gift from Trog
 13963 | Orc:1    | Noticed an orc warlord
 14128 | D:12     | Killed an orc warlord
 14261 | Orc:1    | Reached skill level 15 in Polearms
 14261 | Orc:1    | Reached skill level 1 in Shields
 14488 | Orc:1    | Gained mutation: Your large and strong wings let you fly.
                  | [Gargoyle growth]
 14488 | Orc:1    | Reached XP level 14. HP: 25/92 MP: 14/14
 14701 | Orc:1    | Noticed Josephine
 14710 | Orc:1    | Killed Josephine
 15872 | Orc:2    | Entered Level 2 of the Orcish Mines
 15893 | Orc:2    | Identified the +9 glaive "Spiderslayer" {heavy, *Corrode
                  | rPois rC+ Str+4} (Trog gifted it to you on level 2 of the
                  | Orcish Mines)
 15893 | Orc:2    | Received a gift from Trog
 16014 | Orc:2    | Noticed an orc warlord
 16689 | D:12     | Killed an orc warlord
 16848 | Orc:1    | Paralysed by an orc sorcerer for 3 turns
 16987 | Orc:2    | Reached skill level 16 in Polearms
 17070 | Orc:2    | Found Weinim's Antique Armour Emporium.
 17070 | Orc:2    | Found a staircase to the Elven Halls.
 17079 | Orc:2    | Bought a jewelled plate armour for 588 gold pieces
 17079 | Orc:2    | Identified the +4 plate armour "Kuloqite" {Dex+3} (You
                  | bought it in a shop on level 2 of the Orcish Mines)
 17416 | Orc:2    | Received a gift from Trog
 17423 | Orc:2    | Found Yxoadeugh's Distillery.
 17423 | Orc:2    | Found Dietsif's Assorted Antiques.
 17423 | Orc:2    | Found Buil's Armour Shoppe.
 17426 | Orc:2    | Found Kism's Assorted Antiques.
 17437 | Orc:2    | Bought a glowing cloak for 195 gold pieces
 17486 | Orc:2    | Bought a tiny diamond amulet for 145 gold pieces
 17499 | Orc:2    | Bought the +8 chain mail "Boesih" {Rampage rC+++ Str-5
                  | Stlth+} for 866 gold pieces
 17499 | Orc:2    | Bought a +0 pair of gloves of infusion for 126 gold pieces
 17781 | Lair:1   | Entered Level 1 of the Lair of Beasts
 17823 | Lair:1   | You are sucked into a shaft and drop 1 floor!
 18383 | Lair:2   | Found a glowing silver altar of Zin.
 18882 | Lair:1   | Found an ancient bone altar of Kikubaaqudgha.
 20156 | Lair:3   | Found a hole to the Spider Nest.
 20224 | Lair:3   | Noticed Snorg
 20237 | Lair:3   | Killed Snorg
 20238 | Lair:3   | Reached skill level 10 in Dodging
 20243 | Lair:3   | Reached skill level 5 in Shields
 20256 | Lair:3   | Reached XP level 15. HP: 72/98 MP: 1/15
 20755 | Lair:3   | Found a staircase to the Swamp.
 20903 | Lair:3   | Identified the +0 ring mail of Cionuzxu {Dex+3}
 21001 | Lair:3   | Reached skill level 17 in Polearms
 21891 | Lair:4   | Found a viscous altar of Jiyva.
 21977 | Lair:4   | Received a gift from Trog
 23014 | Lair:5   | Entered Level 5 of the Lair of Beasts
 24571 | Lair:5   | Reached XP level 16. HP: 106/106 MP: 12/16
 25050 | Lair:4   | Found a staircase to the Slime Pits.
 25061 | Lair:4   | Received a gift from Trog
 25620 | D:14     | Found Geich's Firing Range.
 25650 | D:14     | Found a gate leading to a gauntlet.
 25665 | Gauntlet | Entered a Gauntlet
 25665 | Gauntlet | Found a transporter.
 25687 | Gauntlet | Found a transporter.
 25687 | Gauntlet | Found a transporter.
 25696 | Gauntlet | Found a runed translucent door.
 25698 | Gauntlet | Found a transporter.
 25700 | Gauntlet | Found a transporter.
 25708 | Gauntlet | Found a transporter.
 25729 | Gauntlet | Found a transporter.
 25740 | Gauntlet | Found a transporter.
 25752 | Gauntlet | Found a transporter.
 25771 | Gauntlet | Found a transporter.
 25783 | Gauntlet | Found a runed translucent door.
 25785 | Gauntlet | Found a transporter.
 25785 | Gauntlet | Found a transporter.
 25788 | Gauntlet | Found a runed translucent door.
 25834 | Gauntlet | Found a transporter.
 25852 | Gauntlet | Found a transporter.
 26077 | Gauntlet | Reached skill level 18 in Polearms
 26080 | Gauntlet | Identified the ring "Yhimm" {+Blink rElec rPois MP+9 Dex+3}
 26155 | Gauntlet | Identified the +4 plate armour of an ossuary {rElec rPois}
 26206 | Gauntlet | Identified the +0 war axe "Lemenwur" {antimagic, Str+3}
 26478 | D:14     | Found a gate to the Vaults.
 27536 | D:13     | Killed kuniqs's ghost
 27902 | D:15     | Entered Level 15 of the Dungeon
 28056 | D:15     | Found a staircase to the Depths.
 28952 | D:15     | Found a bloodstained altar of Trog.
 29030 | D:15     | Received a gift from Trog
 29415 | Swamp:1  | Entered Level 1 of the Swamp
 29770 | Swamp:1  | Identified the serpent talisman of Untold Secrets {Int-2
                  | Dex+5}
 29770 | Swamp:1  | Noticed Aizul
 29776 | Swamp:1  | Killed Aizul
 29819 | Swamp:1  | Reached XP level 17. HP: 112/112 MP: 15/17
 30520 | Swamp:2  | Reached skill level 15 in Fighting
 30920 | Swamp:2  | Paralysed by a fenstrider witch for 5 turns
 30926 | Swamp:2  | Received a gift from Trog
 31310 | Swamp:3  | Reached skill level 19 in Polearms
 31477 | Swamp:3  | Reached skill level 15 in Armour
 32043 | Swamp:3  | Reached XP level 18. HP: 119/119 MP: 18/18
 32082 | Swamp:4  | Entered Level 4 of the Swamp
 32394 | Swamp:4  | Noticed the 27-headed Lernaean hydra
 32396 | Swamp:4  | HP: 5/119 [the 27-headed Lernaean hydra (8)]
 32613 | Swamp:4  | Reached skill level 10 in Shields
 33281 | Swamp:4  | Received a gift from Trog
 34017 | Swamp:4  | Killed the 27-headed Lernaean hydra
 34089 | Swamp:4  | Got a decaying rune of Zot
 34985 | Spider:1 | Entered Level 1 of the Spider Nest
 35185 | Spider:1 | Reached XP level 19. HP: 125/125 MP: 15/19
 35187 | Spider:1 | Noticed Frances
 35200 | Spider:1 | Killed Frances
 35810 | Spider:1 | Received a gift from Trog
 35874 | Spider:1 | Identified the +4 ring mail "Hecosunk" {rC+}
 36924 | Spider:2 | Reached skill level 20 in Polearms
 37137 | Spider:2 | Noticed Igoypiom's ghost (adept TeBr)
 37141 | Spider:2 | Found a runed translucent gate.
 37145 | Spider:2 | Found a runed translucent gate.
 37145 | Spider:2 | Found a runed translucent gate.
 37705 | Spider:2 | Received a gift from Trog
 38489 | Orc:2    | Bought a dark potion for 26 gold pieces
 39005 | Temple   | Entered the Ecumenical Temple
 39450 | Spider:1 | Killed Igoypiom's ghost
 39617 | Spider:2 | Identified the ring "Vinett" {Will+ SInv}
 40977 | Spider:3 | Received a gift from Trog
 41516 | Spider:4 | Entered Level 4 of the Spider Nest
 41726 | Spider:4 | HP: 3/127 [disintegration (56)]
 42083 | Spider:4 | Reached XP level 20. HP: 123/132 MP: 0/20
 42703 | Spider:4 | Noticed Arachne
 42725 | Spider:4 | Killed Arachne
 43110 | Spider:4 | Received a gift from Trog
 45236 | Spider:4 | Got a gossamer rune of Zot
 45745 | Vaults:4 | Identified the "Lexulil"
 45745 | Vaults:5 | Identified the of Buofosaedi
 45745 | Vaults:5 | Identified the "Sushra"
 45745 | Depths:1 | Identified the "Yloud"
 45745 | Elf:1    | Entered Level 1 of the Elven Halls
 45745 | Elf:1    | Noticed Jorgrun
 45762 | Elf:1    | Killed Jorgrun
 46045 | Elf:1    | Found the +1 robe of Vines {NoPotionHeal Regen++++}
 46143 | Elf:1    | You are sucked into a shaft and drop 1 floor!
 46143 | Elf:2    | Found a runed translucent gate.
 46143 | Elf:2    | Found a runed translucent gate.
 46143 | Elf:2    | Found a runed translucent gate.
 46163 | Elf:2    | Reached skill level 21 in Polearms
 46420 | Elf:2    | Received a gift from Trog
 47926 | Elf:1    | Found an ancient bone altar of Kikubaaqudgha.
 48401 | Elf:1    | Found Eloturyr's Weapon Shop.
 48464 | Elf:1    | Found Vieshixt's Book Shoppe.
 48465 | Elf:1    | Found Rozup's Jewellery Boutique.
 48466 | Elf:1    | Found Vaacvy Hoast's Book Shoppe.
 48856 | Elf:1    | Received a gift from Trog
 49147 | Elf:1    | Acquired a manual of Dodging
 49638 | Elf:2    | Reached XP level 21. HP: 140/140 MP: 10/21
 50180 | Elf:2    | Paralysed by an air elemental for 1 turns
 50217 | Elf:2    | Received a gift from Trog
 50270 | Elf:3    | Identified the "Idduin"
 50270 | Elf:3    | Identified the "Ceras"
 50270 | Elf:3    | Entered Level 3 of the Elven Halls
 50309 | Elf:3    | Noticed Zenata
 50336 | Elf:3    | Killed Zenata
 50563 | Elf:3    | Found Jejoter's Assorted Antiques.
 51091 | Elf:3    | Noticed Donald
 51117 | Elf:3    | Killed Donald
 51230 | Elf:3    | Identified the +6 scale mail "Neith" {+Blink Int-5 Dex+4
                  | SInv}
 51417 | Elf:3    | Killed from afar by a deep elf sorcerer

Illustrated notes

Levels and vault maps discovered:
D:1:      roadster_arrival_rocket_small, layout_loops_ring,
          chequers_ecumenical_altar_simple_redux, dk_noncrumbling_2
D:2:      layout_basic
D:3:      layout_loops_ring, okawaru_trees_1, serial_shops,
          nicolae_shop_back_alley_shop, kennysheep_generic_room_7
D:4:      layout_loops_cross, portal_sewer_entry_a, nicolae_letterblocks
          [nicolae_letter_subblock, nicolae_letter_subblock,
          nicolae_letter_subblock, nicolae_letter_subblock,
          nicolae_letter_subblock, nicolae_letter_subblock,
          nicolae_letter_subblock, nicolae_letter_subblock,
          nicolae_letter_subblock, nicolae_letter_subblock,
          nicolae_letter_subblock, nicolae_letter_subblock,
          nicolae_letter_subblock, nicolae_letter_subblock,
          nicolae_letter_subblock, nicolae_letter_subblock,
          nicolae_letter_subblock, nicolae_letter_subblock,
          nicolae_letter_subblock, nicolae_letter_subblock,
          nicolae_letter_subblock, nicolae_letter_subblock,
          nicolae_letter_subblock, nicolae_letter_subblock,
          nicolae_letter_subblock], uniq_natasha
D:5:      layout_loops_ring, pdpol_wu_jian_five_deadly_venoms,
          nicolae_tso_besieged_by_evil
D:6:      layout_gridville, temple_fountains
D:7:      layout_rooms, cheibrodos_ashenzari_chains,
          nicolae_overflow_hidden_temple, serial_rivers,
          chequers_serial_rivers_micro_a, chequers_serial_rivers_micro_d,
          chequers_serial_rivers_room_b, chequers_serial_rivers_room_b,
          water_boxes_lemuel
D:8:      layout_gridville, kennysheep_mini, nicolae_overflow_crystal_walls,
          gammafunk_temple_overflow_arena
D:9:      layout_basic, hangedman_minor_magic, uniq_pikel
D:10:     layout_cave_pools, mainiacjoe_overflow_tiny_flanked, enter_bailey_5,
          serial_shops, shop, roderic_serpentine_path
D:11:     layout_gridville, dpeg_lair_monsters
D:12:     layout_rooms, erik_orc_1
D:13:     layout_basic, portal_ice_cave_entry_pillars_1, gammafunk_ghost_smash
D:14:     layout_gridville, david_vaults_4, gauntlet_entry_generic,
          small_statue_alley_a, nicolae_shop_firing_range
D:15:     hangedman_depths_entry_try_elsewhere_first, layout_loops_ring,
          roderic_lattice_a, trog_butcher_becter
Temple:   nicolae_temple_ecumenical_triangle
Lair:1:   layout_gridlike, basic_altar, lemuel_another_geyser,
          lemuel_fruit_fields, infiniplex_staircase_pool
Lair:2:   layout_long_grid, basic_altar, pdpol_lair_neglected_garden,
          serial_bayou_shore_b
Lair:3:   nzn_winding_woodlands_small [nzn_winding_woodlands_5x15_twine,
          nzn_winding_woodlands_center_pierced_h,
          nzn_winding_woodlands_5x15_default], layout_gridlike,
          palyth_hydra_swamp_entry, nicolae_spider_entry_lesser_pyramids,
          beast_lair_carwin_1, uniq_snorg
Lair:4:   layout_regular_city, minmay_slime_entry_oklob_enclosed,
          nicolae_lair_grove_arrangements
Lair:5:   evilmike_catoblepas_cave, layout_layer_cave, eino_house_with_fridge,
          serial_bayou_shore_a
Swamp:1:  layout_basic_swamp, nicolae_swamp_bean_lake, uniq_aizul
Swamp:2:  layout_basic_swamp, nicolae_swamp_ascending_descending_big,
          cheibrodos_swamp_witchery
Swamp:3:  layout_basic_swamp, evilmike_swamp_ruin_wall, swamp_pool3,
          hangedman_swamp_dais
Swamp:4:  grunt_swamp_rune_castle, layout_basic_swamp
Spider:1: layout_spider_delve, spiders_nest_hornet_nest, uniq_frances
Spider:2: nicolae_spider_hilbert_zone_4 [nicolae_spider_hilbert_4_sides_2_open,
          nicolae_spider_hilbert_4_sides_1_open,
          nicolae_spider_hilbert_4_sides_1_open,
          nicolae_spider_hilbert_4_sides_1_open,
          nicolae_spider_hilbert_4_sides_1_open,
          nicolae_spider_hilbert_2_sides_1_open,
          nicolae_spider_hilbert_2_sides_1_open,
          nicolae_spider_hilbert_2_sides_1_open,
          nicolae_spider_hilbert_2_sides_1_open,
          nicolae_spider_hilbert_6_sides_1_open,
          nicolae_spider_hilbert_6_sides_1_open,
          nicolae_spider_hilbert_3_sides_1_open,
          nicolae_spider_hilbert_3_sides_1_open], gammafunk_ghost_split,
          nicolae_spider_cling_halls
Spider:3: cheibrodos_forgotten_conduit, hellmonk_test_site
Spider:4: grunt_spider_rune_parallel, uniq_arachne
Orc:1:    orc_temple, layout_caves, basic_altar, nicolae_orc_flooded_monolith,
          uniq_josephine, uniq_maurice
Orc:2:    st_orc_rangers, layout_caves, serial_shops, shop, mines4_lemuel
Elf:1:    minmay_elf_arrival_plus, layout_loops_corners, basic_altar,
          serial_shops, nicolae_shop_hallway_plus, hangedman_elf_disciples,
          nrook_uturn, minmay_shop_grove, uniq_jorgrun
Elf:2:    nicolae_elf_blades_crystal_corner, layout_loops_corners
Elf:3:    minmay_elf_hall_golems, layout_loops_corners, serial_shops, shop,
          uniq_zenata, uniq_donald

Skill      XL: |  1  2  3  4  5  6  7  8  9 10 11 12 13 14 15 16 17 18 19 20 21 |
---------------+----------------------------------------------------------------+-----
Dodging        | 2 3 4 5 6 7 8 9 10 11 12 13 | 13.9
Polearms       | 1 2 3 4 6 7 9 10 12 15 16 17 18 19 20 21 | 21.7
Armour         | 3 4 5 7 8 9 10 11 12 13 14 15 16 17 | 17.6
Fighting       | 4 5 6 7 8 10 11 12 13 14 15 16 17 | 17.8
Shields        | 1 5 7 8 9 10 11 12 13 | 13.3
Maces & Flails | |  3.3

Action                     |  1- 3 |  4- 6 |  7- 9 | 10-12 | 13-15 | 16-18 | 19-21 || total
---------------------------+-------+-------+-------+-------+-------+-------+-------++-------
  Melee: Mace              |    68 |       |       |       |       |       |       ||    68
         Lance             |    34 |   147 |   256 |   529 |  1478 |    44 |       ||  2488
         Punch             |       |       |       |     6 |     4 |       |       ||    10
         Demon trident     |       |       |       |       |       |   774 |  1457 ||  2231
         Trident           |       |       |       |       |       |       |   297 ||   297
    Use: Potion            |       |       |     2 |     2 |     7 |     8 |       ||    19
         Scroll            |       |       |     9 |    11 |     8 |    21 |     7 ||    56
   Stab: Sleeping          |     1 |     6 |     1 |       |       |       |       ||     8
         Distracted        |       |       |       |       |       |     4 |     1 ||     5
         Invisible         |       |       |       |       |       |     2 |       ||     2
 Armour: Animal skin       |    58 |    74 |    52 |       |       |       |       ||   184
         Scale mail        |       |       |    67 |   204 |   290 |       |       ||   561
         Plate armour      |       |       |       |       |   495 |   630 |   802 ||  1927
  Dodge: Dodged            |    82 |   148 |   194 |   319 |   758 |   645 |   769 ||  2915
  Block: Tower shield      |       |       |       |       |   809 |   789 |  1669 ||  3267
         Kite shield       |       |       |       |       |     8 |       |       ||     8
         Reflection        |       |       |       |       |       |    17 |    78 ||    95

Table legend: (Time is in decaauts)
 A = Elapsed time spent in this place.
 B = Non-inter-level travel time spent in this place.
 C = Inter-level travel time spent in this place.
 D = Time resting spent in this place.
 E = Time spent auto-exploring this place.
 F = Levels seen in this place.
 G = Mean time per level.
                   A        B        C        D        E       F      G
               +--------+--------+--------+--------+--------+-----+--------+
         Total |  51089 |  46915 |   4174 |   8835 |  28909 |  38 | 1344.4 |
       Dungeon |  16758 |  14611 |   2147 |   1034 |  10911 |  15 | 1117.2 |
        Temple |      1 |      1 |      0 |      0 |      0 |   1 |    1.0 |
          Lair |   8209 |   7258 |    951 |    278 |   5909 |   5 | 1641.8 |
         Swamp |   5055 |   4808 |    247 |   1434 |   2459 |   4 | 1263.8 |
   Spider Nest |   9369 |   8844 |    525 |   3411 |   3883 |   4 | 2342.2 |
  Orcish Mines |   3802 |   3546 |    256 |    852 |   1666 |   2 | 1901.0 |
   Elven Halls |   5310 |   5266 |     44 |   1116 |   3229 |   3 | 1770.0 |
         Sewer |    301 |    301 |      0 |      0 |    188 |   1 |  301.0 |
        Bailey |    485 |    485 |      0 |    156 |    195 |   1 |  485.0 |
      Ice Cave |   1195 |   1195 |      0 |    502 |    203 |   1 | 1195.0 |
      Gauntlet |    599 |    599 |      0 |     51 |    265 |   1 |  599.0 |
               +--------+--------+--------+--------+--------+-----+--------+

Top non-repeatable levels by time:
Spider:4: 3566 daAuts
   Elf:2: 2773 daAuts
   Orc:1: 2448 daAuts
    D:12: 2382 daAuts
Spider:2: 2375 daAuts
  Lair:3: 2330 daAuts
Spider:3: 2073 daAuts
 Swamp:4: 2038 daAuts
  Lair:5: 1961 daAuts
  Lair:4: 1541 daAuts
   Elf:1: 1435 daAuts
     D:8: 1427 daAuts
    D:11: 1421 daAuts
    D:14: 1390 daAuts
Spider:1: 1353 daAuts
